cohdb
Replays
Latest Replays
All Replays
Popular Replays
Top Player Replays
Match Explorer
How It Works
Community
CoH3 Stats
Reddit
Sign in to upload your games and track your stats! →
Sign in with Steam
Match 45100027
Unlisted
Match 45100027
Overview
Messages
Build Orders
End
Kradschützen Motorcycle Team
Panzergrenadier Squad
Selects Armored Support Battlegroup
250 Light Carrier
Panzergrenadier Squad
Construct Light Support Kompanie
Construct Mechanized Kompanie
Panzergrenadier Squad
Selects Superior Fire Drills
Selects Salvage Kits
Panzerjäger Mechanized Group
8 Rad Armored Car
2.5-tonne Medical Truck
Marder III Tank Destroyer
Marder III Tank Destroyer
Selects Flammpanzer III Medium Tank
MG34 Team
Flammpanzer III Medium Tank
Assault Mechanized Group
Selects Command Panzer IV F Medium Tank
MG34 Team
affinity
Monsieur Nathan
0
0
Comments
sign in to comment!
No comments posted yet!